 Dungeon Sprint DCSS version 0.19-a0-1206-g6bcb79c (webtiles) character file.

84251697 Kidiri the Invulnerable (level 24, 249/249 HPs)
             Began as a Minotaur Fighter on Aug 21, 2016.
             Was the Champion of the Shining One.
             Escaped with the Orb
             ... and 17 runes!
             The game lasted 01:14:39 (21762 turns).

Kidiri the Invulnerable (Minotaur Fighter)         Turns: 21762, Time: 01:14:39

Health: 249/249    AC: 40    Str: 33    XL:     24   Next: 6%
Magic:  53/53      EV: 33    Int:  3    God:    the Shining One [******]
Gold:   1294       SH: 32    Dex: 15    Spells: 0 memorised, 77 levels left

rFire  . . .     SeeInvis +     P - +11 long sword "Wudghe" {holy, +Fly rN+}
rCold  + + .     Gourm    .     a - +6 ice dragon armour
rNeg   + + +     Faith    .     k - +1 large shield {AC+3}
rPois  +         Spirit   .     m - +0 hat of Butesuvy {Int+6}
rElec  .         Dismiss  .     c - +1 cloak "Dack" {*Drain rF+ MR++ Int-4}
rCorr  .         Reflect  .     R - +2 pair of gloves {Str+3}
MR     +++..     Harm     .     H - +2 pair of boots (curse)
Stlth  +......... Rnd*Rage +    (no amulet) NoTele +
                                V - ring "Dasyelily" {rPois rN++ Slay+3}
                                I - +4 ring of evasion

@: glowing
A: retaliatory headbutt, fangs 1, hooves 1, horns 2, large bone plates 1, see
invisible, agile 1, berserk 1, deformed body, deterioration 1, dopey 2, shaggy
fur 2, subdued magic 2
a: Divine Shield, Cleansing Flame, Summon Divine Warrior, Brand Weapon With Holy
Wrath, Renounce Religion, Evoke Flight
0: Orb of Zot
}: 17/15 runes: decaying, serpentine, barnacled, slimy, elven, silver, golden,
iron, obsidian, icy, bone, abyssal, glowing, magical, fiery, dark, gossamer


You escaped.
You worshipped the Shining One.
The Shining One was exalted by your worship.
You were not hungry.

You visited 1 branch You collected 1949 gold pieces.
You spent 655 gold pieces at shops.

Inventory:

Hand Weapons
 P - the +11 long sword "Wudghe" (weapon) {holy, +Fly rN+}
   (Okawaru gifted it to you in the Dungeon)

   It has been blessed by the Shining One to cause great damage to the undead
   and demons.
   It protects you from negative energy.
   It lets you fly.
Missiles
 q - 6 steel tomahawks
 x - 13 steel javelins
 z - 5 silver tomahawks
 C - 8 tomahawks of returning
 F - 6 javelins of penetration (quivered)
 G - 6 throwing nets
 T - 6 silver javelins
Armour
 a - a +6 ice dragon armour (worn)
 c - the +1 cloak "Dack" (worn) {*Drain rF+ MR++ Int-4}
   (You found it in the Dungeon)

   It affects your intelligence (-4).
   It protects you from fire.
   It affects your resistance to hostile enchantments.
   It causes draining when unequipped.
 k - a +1 large shield of protection (worn)
 m - the +0 hat of Butesuvy (worn) {Int+6}
   (Okawaru gifted it to you in the Dungeon)

   It affects your intelligence (+6).
 s - the +0 large shield "Veschyte" {rF+ rC+ Str+4}
   (You found it in the Dungeon)

   It affects your strength (+4).
   It protects you from fire.
   It protects you from cold.
 u - a +6 large shield of positive energy
 E - the +6 chain mail of Yrus {Dex+4}
   (Okawaru gifted it to you in the Dungeon)

   It affects your dexterity (+4).
 H - a cursed +2 pair of boots (worn)
 R - a +2 pair of gloves of strength (worn)
Jewellery
 b - a +2 ring of protection
 r - the ring of the Will of the Gods {Fire rElec rPois}
   (You acquired it in the Dungeon)

   [ring of fire]

   It enhances your fire magic.
   It protects you from fire.
   It makes you vulnerable to cold.
   It insulates you from electricity.
   It protects you from poison.
 w - an uncursed amulet of regeneration
 I - a +4 ring of evasion (left hand)
 V - the ring "Dasyelily" (right hand) {rPois rN++ Slay+3}
   (You found it in the Dungeon)

   [ring of slaying]

   It affects your accuracy and damage with ranged weapons and melee attacks
   (+3).
   It protects you from poison.
   It greatly protects you from negative energy.
 W - a +3 ring of slaying
 X - the ring "Itaddemn" {rF+ rN+ Slay+3}
   (You found it in the Dungeon)

   [ring of slaying]

   It affects your accuracy and damage with ranged weapons and melee attacks
   (+3).
   It protects you from fire.
   It protects you from negative energy.
Wands
 l - a wand of hasting (2/9)
 p - a wand of iceblast (6/15)
 S - a wand of heal wounds (2/9)
Scrolls
 n - 7 scrolls of remove curse
 o - 3 scrolls of amnesia
 v - 2 scrolls of fog
 y - 4 scrolls of recharging
 L - 3 scrolls of identify
 N - 3 scrolls of fear
Potions
 d - 4 potions of might
 e - a potion of curing
 g - 6 potions of heal wounds
 h - 2 potions of haste
 i - 3 potions of magic
 j - 4 potions of berserk rage
 t - 3 potions of agility
 J - a potion of brilliance
 Z - a potion of resistance
Comestibles
 f - 11 bread rations
 A - 40 fruits
 B - 7 chunks of flesh
 Q - a beef jerky


   Skills:
 O Level 27 Fighting
 O Level 27 Long Blades
 O Level 27 Throwing
 O Level 27 Armour
 O Level 27 Dodging
 O Level 27 Stealth
 O Level 27 Shields
 O Level 27 Unarmed Combat
 O Level 27 Spellcasting
 O Level 27 Invocations
 O Level 27 Evocations


You had 77 spell levels left.
You didn't know any spells.

Dungeon Overview and Level Annotations

Branches:
Dungeon (1/1)

Altars:
Cheibriados
Dithmenos
Elyvilon
Fedhas
Gozag
Hepliaklqana
Kikubaaqudgha
Makhleb
Nemelex Xobeh
Okawaru
Qazlal
Ru
Sif Muna
Trog
Uskayaw
Vehumet
Xom
Yredelemnul
Zin
The Shining One
Beogh
Jiyva
Lugonu

Shops:
D !%([


Innate Abilities, Weirdness & Mutations

You reflexively headbutt those who attack you in melee.
You have a pair of horns on your head.
You have very sharp teeth.
You have large cloven feet.
You are partially covered in large bone plates. (AC +2, SH +2)
You have supernaturally acute eyesight. (SInv)
You are agile. (Dex +2)
You tend to lose your temper in combat.
Armour fits poorly on your strangely shaped body.
Your body sometimes deteriorates upon taking damage.
You are very dopey. (Int -4)
You are covered in thick fur. (AC +2)
Your spells are easier to cast, but less powerful.


Message History

You block the soul eater's attack.
You hit the soul eater.
The soul eater convulses.
You headbutt the soul eater.
The soul eater is severely wounded.
You block the soul eater's attack.
You hit the soul eater but do no damage.
You headbutt the soul eater, but do no damage.
The soul eater is severely wounded.
You hit the soul eater but do no damage.
You headbutt the soul eater!
You bite the soul eater, but do no damage.
The soul eater is almost dead.
You block the soul eater's attack.
You slice the soul eater!!
You kill the soul eater!
You see here a club.
There is an open door to the Dungeon, spattered with blood here.
Things that are here:
a club x2
There is a staircase leading out of the dungeon here.
You have escaped!

▓.............)..)
▓.▓▓▓▓▓▓▓▓▓▓▓▓▓▓▓▓
▓.................
▓▓▓▓▓▓▓▓▓▓▓▓▓▓▓▓▓▓
▓.....).'......(..
▓.▓▓▓▓▓▓▓▓▓▓▓▓▓▓▓▓
▓....[............
▓▓▓▓▓▓▓▓▓▓▓▓▓▓▓▓▓▓
▓@...))....).....'
▓▓▓▓▓▓▓▓▓▓▓▓▓▓▓▓▓▓


There were no monsters in sight!

Vanquished Creatures
  Cerebov (D)
  Antaeus (D)
  Asmodeus (D)
  the Royal Jelly (D)
  Ereshkigal (D)
  Gloorx Vloq (D)
  2 seraphim (D)
  Lom Lobon (D)
  Mnoleg (D)
  Dispater (D)
  Mennas (D)
  4 orbs of fire (D)
  Mara (D)
  5 ancient liches (D)
  7 greater mummies (D)
  Sojobo (D)
  Boris (D)
  Margery (D)
  Saint Roka (D)
  Xtahua (D)
  Geryon (D)
  7 pandemonium lords (D)
  6 golden dragons (D)
  Jory (D)
  Nikola (D)
  A bone dragon (D)
  2 electric golems (D)
  A lich (D)
  A hellephant (D)
  A Brimstone Fiend (D)
  A Hell Sentinel (D)
  4 tentacled monstrosities (D)
  40 Orb Guardians (D)
  2 Ice Fiends (D)
  4 deep elf master archers (D)
  10 deep elf blademasters (D)
  Frances (D)
  19 acid blobs (D)
  4 titans (D)
  13 sphinxes (D)
  4 death cobs (D)
  A thorn hunter (D)
  A warmonger (D)
  2 tengu reavers (D)
  2 draconian monks (D)
  7 shadow dragons (D)
  6 storm dragons (D)
  5 greater nagas (D)
  A daeva (D)
  4 fire giants (D)
  12 azure jellies (D)
  10 frost giants (D)
  A draconian knight (D)
  A cacodemon (D)
  Ilsuiw (D)
  3 draconian zealots (D)
  2 ghost moths (D)
  3 vault wardens (D)
  2 deep elf sorcerers (D)
  2 balrugs (D)
  A chaos champion (D)
  2 draconian scorchers (D)
  Louise (D)
  5 emperor scorpions (D)
  A draconian annihilator (D)
  3 angels (D)
  2 green draconians (D)
  5 very ugly things (D)
  A reaper (D)
  A war gargoyle (D)
  A blood saint (D)
  10 stone giants (D)
  A draconian caller (D)
  3 black draconians (D)
  10 vampire knights (D)
  3 deep elf demonologists (D)
  A lorocyproca (D)
  3 purple draconians (D)
  A deep elf annihilator (D)
  A white draconian (D)
  A mottled draconian (D)
  3 red draconians (D)
  2 deep elf death magi (D)
  An ettin (D)
  4 merfolk javelineers (D)
  7 death oozes (D)
  Josephine (D)
  3 green deaths (D)
  3 blizzard demons (D)
  4 minotaurs (D)
  A great orb of eyes (D)
  8 merfolk impalers (D)
  2 mummy priests (D)
  4 yaktaur captains (D)
  25 vault guards (D)
  Harold (D)
  4 fire dragons (D)
  8 hydras (D)
  A naga warrior (D)
  2 rakshasas (D)
  4 monstrous demonspawn (D)
  4 ice dragons (D)
  3 hell beasts (D)
  4 ogre magi (D)
  A spriggan air mage (D)
  3 death knights (D)
  3 merfolk aquamancers (D)
  2 tengu warriors (D)
  A thrashing horror (D)
  4 hell hogs (D)
  A spriggan berserker (D)
  5 deep elf knights (D)
  A naga sharpshooter (D)
  2 soul eaters (D)
  Sonja (D)
  Nergalle (D)
  8 sun demons (D)
  A shock serpent (D)
  3 hell knights (D)
  A wretched star (D)
  4 sixfirhies (D)
  6 swamp dragons (D)
  A salamander mystic (D)
  An unseen horror (D)
  A shadow demon (D)
  A cherub (D)
  A wizard (D)
  3 deep elf archers (D)
  3 naga ritualists (D)
  A sea snake (D)
  2 gelid demonspawn (D)
  An ironbrand convoker (D)
  A lindwurm (D)
  A putrid demonspawn (D)
  5 orc knights (D)
  A hill giant (D)
  7 deep elf magi (D)
  2 ugly things (D)
  2 harpies (D)
  6 wolf spiders (D)
  An orb spider (D)
  5 necromancers (D)
  3 griffons (D)
  10 orc sorcerers (D)
  A shining eye (D)
  2 cyclopes (D)
  9 moths of wrath (D)
  4 naga magi (D)
  A toenail golem (D)
  2 elephants (D)
  12 rust devils (D)
  4 black mambas (D)
  4 guardian serpents (D)
  8 smoke demons (D)
  4 vault sentinels (D)
  8 orange demons (D)
  4 spiny frogs (D)
  An efreet (D)
  2 hellions (D)
  10 hellwings (D)
  7 ice devils (D)
  3 yaktaurs (D)
  A freezing wraith (D)
  7 red devils (D)
  19 guardian mummies (D)
  12 merfolk (D)
  3 jumping spiders (D)
  A wind drake (D)
  A wandering mushroom (D)
  3 slime creatures (D)
  4 giant leeches (D)
  A raiju (D)
  2 yaks (D)
  A wyvern (D)
  2 redbacks (D)
  11 spriggans (D)
  2 shadows (D)
  2 tarantellas (D)
  4 wraiths (D)
  Eustachio (D)
  5 ynoxinuls (D)
  4 chaos spawn (D)
  3 neqoxecs (D)
  2 golden eyes (D)
  A hungry ghost (D)
  A vampire mosquito (D)
  2 hippogriffs (D)
  A mottled dragon (D)
  4 water moccasins (D)
  5 hell hounds (D)
  2 porcupines (D)
  3 giant eyeballs (D)
  7 orc warriors (D)
  2 ice beasts (D)
  A necrophage (D)
  2 centaurs (D)
  A crocodile (D)
  A small abomination (D)
  4 giant frogs (D)
  3 crimson imps (D)
  2 quasits (D)
  2 iron imps (D)
  3 orc priests (D)
  A hound (D)
  A jelly (D)
  16 orc wizards (D)
  A shadow imp (D)
  3 white imps (D)
  An ufetubus (D)
  An adder zombie (D)
  An adder skeleton (D)
  5 worms (D)
  13 ball lightnings (D)
  A giant gecko (D)
  7 orcs (D)
  3 bat zombies (D)
  A goblin (D)
  3 hobgoblins (D)
  A bat simulacrum (D)
  A giant newt (D)
  A kobold (D)
  A block of ice (D)
  2 fire vortices (D)
  A lurking horror (D)
776 creatures vanquished.

Vanquished Creatures (collateral kills)
  A death ooze (D)
1 creature vanquished.

Vanquished Creatures (others)
  A deep elf knight (D)
  A merfolk (D)
  5 ball lightnings (D)
7 creatures vanquished.

Grand Total: 784 creatures vanquished

Notes
Turn   | Place    | Note
-------+----------+-------------------------------------------
     0 | D        | Kidiri the Minotaur Fighter began the quest for the Orb.
     0 | D        | Reached XP level 1. HP: 19/19 MP: 0/0
   152 | D        | Noticed an orc wizard
   158 | D        | Reached skill level 1 in Throwing
   158 | D        | Reached skill level 1 in Dodging
   158 | D        | Reached XP level 2. HP: 27/27 MP: 1/1
   168 | D        | Reached skill level 5 in Shields
   168 | D        | Reached XP level 3. HP: 19/35 MP: 2/2
   169 | D        | Reached skill level 5 in Fighting
   301 | D        | Found a roughly hewn altar of Beogh.
   301 | D        | Found a snail-covered altar of Cheibriados.
   301 | D        | Found a shadowy altar of Dithmenos.
   301 | D        | Found a white marble altar of Elyvilon.
   301 | D        | Found a blossoming altar of Fedhas.
   301 | D        | Found an opulent altar of Gozag.
   302 | D        | Found a hazy altar of Hepliaklqana.
   303 | D        | Found a viscous altar of Jiyva.
   304 | D        | Found an ancient bone altar of Kikubaaqudgha.
   305 | D        | Found a corrupted altar of Lugonu.
   306 | D        | Found a burning altar of Makhleb.
   307 | D        | Found a sparkling altar of Nemelex Xobeh.
   308 | D        | Found an iron altar of Okawaru.
   309 | D        | Found a stormy altar of Qazlal.
   310 | D        | Found a sacrificial altar of Ru.
   311 | D        | Found a deep blue altar of Sif Muna.
   312 | D        | Found a bloodstained altar of Trog.
   313 | D        | Found a hide-covered altar of Uskayaw.
   314 | D        | Found a radiant altar of Vehumet.
   315 | D        | Found a shimmering altar of Xom.
   316 | D        | Became a worshipper of Warmaster Okawaru
   317 | D        | Found a basalt altar of Yredelemnul.
   318 | D        | Found a glowing silver altar of Zin.
   319 | D        | Found a glowing golden altar of the Shining One.
   369 | D        | Noticed a yak
   369 | D        | Noticed an orc warrior
   369 | D        | Noticed a giant frog
   370 | D        | Reached skill level 5 in Armour
   370 | D        | Reached XP level 4. HP: 42/42 MP: 3/3
   372 | D        | Reached skill level 5 in Long Blades
   372 | D        | Reached skill level 1 in Invocations
   378 | D        | Killed a yak
   378 | D        | Reached XP level 5. HP: 20/52 MP: 3/5
   391 | D        | Killed an orc warrior
   391 | D        | Reached * piety under Okawaru
   391 | D        | Reached XP level 6. HP: 49/61 MP: 4/7
   451 | D        | Noticed an ice beast
   451 | D        | Noticed a hungry ghost
   451 | D        | Noticed a wyvern
   456 | D        | Killed an ice beast
   459 | D        | Reached XP level 7. HP: 69/69 MP: 5/8
   461 | D        | Killed a hungry ghost
   461 | D        | Reached skill level 5 in Dodging
   468 | D        | Killed a wyvern
   468 | D        | Reached ** piety under Okawaru
   468 | D        | Reached skill level 5 in Throwing
   651 | D        | Noticed a hippogriff
   651 | D        | Noticed a four-headed hydra
   651 | D        | Noticed a spiny frog
   652 | D        | Noticed an elephant
   662 | D        | Killed a ten-headed hydra
   662 | D        | Reached *** piety under Okawaru
   662 | D        | Reached skill level 10 in Fighting
   662 | D        | Reached skill level 10 in Long Blades
   662 | D        | Reached skill level 10 in Armour
   662 | D        | Reached skill level 10 in Shields
   662 | D        | Reached skill level 5 in Invocations
   662 | D        | Reached XP level 8. HP: 48/81 MP: 8/11
   667 | D        | Noticed an elephant
   675 | D        | Killed a spiny frog
   675 | D        | Reached **** piety under Okawaru
   675 | D        | Received a gift from Okawaru
   675 | D        | Reached XP level 9. HP: 56/89 MP: 9/12
   685 | D        | Killed an elephant
   688 | D        | Killed an elephant
   815 | D        | Noticed a black mamba
   815 | D        | Noticed a black mamba
   828 | D        | Killed a black mamba
   828 | D        | Reached ***** piety under Okawaru
   832 | D        | Killed a black mamba
   832 | D        | Received a gift from Okawaru
   832 | D        | Reached XP level 10. HP: 68/99 MP: 11/14
  1007 | D        | Noticed a lindwurm
  1013 | D        | Killed a lindwurm
  1026 | D        | Received a gift from Okawaru
  1135 | D        | Noticed Eustachio
  1138 | D        | Killed Eustachio
  1308 | D        | Noticed an orc sorcerer
  1314 | D        | Killed an orc sorcerer
  1326 | D        | Received a gift from Okawaru
  1349 | D        | Got a fine falchion {god gift}
  1350 | D        | Identified the +1 falchion of Qiaphoyj {pain, Dex+3} (Okawaru gifted it to you in the Dungeon)
  1412 | D        | Noticed an orc knight
  1412 | D        | Noticed an orc knight
  1412 | D        | Noticed an orc sorcerer
  1413 | D        | Killed an orc sorcerer
  1414 | D        | Noticed an orc knight
  1417 | D        | Killed an orc knight
  1420 | D        | Noticed an orc sorcerer
  1421 | D        | Killed an orc knight
  1426 | D        | Noticed an orc sorcerer
  1435 | D        | Killed an orc knight
  1435 | D        | Reached XP level 11. HP: 97/108 MP: 8/15
  1449 | D        | Killed an orc sorcerer
  1462 | D        | Killed an orc sorcerer
  1462 | D        | Received a gift from Okawaru
  1490 | D        | Got a faintly glowing chain mail {god gift}
  1509 | D        | Identified the +6 chain mail of Yrus {Dex+4} (Okawaru gifted it to you in the Dungeon)
  1547 | D        | Found Umniteuble's Distillery.
  1547 | D        | Noticed an orc sorcerer
  1547 | D        | Paralysed by an orc sorcerer for 7 turns
  1554 | D        | Killed an orc sorcerer
  1564 | D        | Found Ebeigim's Food Shoppe.
  1568 | D        | Found Feamyil's Weapon Emporium.
  1570 | D        | Noticed an orc sorcerer
  1571 | D        | Found Biqeutz's Antique Armour Shoppe.
  1572 | D        | Noticed an orc sorcerer
  1572 | D        | Noticed an orc sorcerer
  1573 | D        | Noticed an orc sorcerer
  1582 | D        | Killed an orc sorcerer
  1584 | D        | Killed an orc sorcerer
  1587 | D        | Noticed an orc sorcerer
  1602 | D        | Killed an orc sorcerer
  1608 | D        | Killed an orc sorcerer
  1616 | D        | Killed an orc sorcerer
  1667 | D        | Bought a potion of mutation for 25 gold pieces
  1667 | D        | Bought a potion of mutation for 25 gold pieces
  1673 | D        | Bought a glowing plate armour for 506 gold pieces
  1673 | D        | Bought a pair of boots for 99 gold pieces
  1701 | D        | Gained mutation: Your mind is acute. (Int +2) [potion of mutation]
  1701 | D        | Gained mutation: You are partially covered in large bone plates. (AC +2, SH +2) [potion of mutation]
  1701 | D        | Gained mutation: You have supernaturally acute eyesight. (SInv) [potion of mutation]
  1702 | D        | Gained mutation: Your spells are a little easier to cast, but a little less powerful. [potion of mutation]
  1702 | D        | Gained mutation: You are agile. (Dex +2) [potion of mutation]
  1702 | D        | Gained mutation: Your system is resistant to poisons. (rPois) [potion of mutation]
  1846 | D        | Noticed Sonja
  1850 | D        | Killed Sonja
  1871 | D        | Noticed Harold
  1884 | D        | Killed Harold
  1884 | D        | Reached skill level 15 in Fighting
  1884 | D        | Reached skill level 15 in Armour
  1884 | D        | Reached skill level 10 in Dodging
  1884 | D        | Reached skill level 15 in Shields
  2060 | D        | Noticed Josephine
  2065 | D        | Killed Josephine
  2065 | D        | Reached skill level 15 in Long Blades
  2150 | D        | Got the +1 cloak "Dack" {*Drain rF+ MR++ Int-4}
  2193 | D        | Noticed a deep elf mage
  2209 | D        | Noticed a hell knight
  2211 | D        | Noticed a rakshasa
  2216 | D        | Killed a deep elf mage
  2216 | D        | Received a gift from Okawaru
  2218 | D        | Noticed a brown very ugly thing
  2223 | D        | Noticed an ettin
  2229 | D        | Noticed an ice dragon
  2230 | D        | Noticed a white ugly thing
  2234 | D        | Noticed a white ugly thing
  2240 | D        | Killed a hell knight
  2240 | D        | Received a gift from Okawaru
  2240 | D        | Reached XP level 12. HP: 117/122 MP: 15/17
  2256 | D        | Noticed a frost giant
  2264 | D        | Killed a rakshasa
  2266 | D        | Killed a brown very ugly thing
  2267 | D        | Killed an ettin
  2274 | D        | Killed an ice dragon
  2274 | D        | Reached skill level 10 in Throwing
  2280 | D        | Killed a frost giant
  2310 | D        | Gained mutation: Your mind is very acute. (Int +4) [mutagenic meat]
  2313 | D        | Gained mutation: You have a pair of large horns on your head. [mutagenic meat]
  2316 | D        | Lost mutation: You have a pair of large horns on your head. [mutagenic meat]
  2319 | D        | Gained mutation: You have large cloven feet. [mutagenic meat]
  2322 | D        | Gained mutation: You expend magic power (3 MP) to strengthen your wands. [mutagenic meat]
  2507 | D        | Noticed Frances
  2516 | D        | Killed Frances
  2516 | D        | Reached skill level 10 in Invocations
  2558 | D        | Noticed a four-headed hydra
  2558 | D        | Noticed a thorn hunter
  2568 | D        | Killed an 11-headed hydra
  2581 | D        | Killed a thorn hunter
  2685 | D        | Reached XP level 13. HP: 132/132 MP: 12/19
  2718 | D        | Noticed an emperor scorpion
  2759 | D        | Killed an emperor scorpion
  3280 | D        | Received a gift from Okawaru
  3369 | D        | Got a translucent long sword {god gift}
  3370 | D        | Identified the +4 long sword "Kozugava" {speed, Int+2} (Okawaru gifted it to you in the Dungeon)
  3522 | D        | Noticed a stone giant
  3522 | D        | Noticed a frost giant
  3522 | D        | Noticed a stone giant
  3537 | D        | Killed a stone giant
  3538 | D        | Noticed a green very ugly thing
  3547 | D        | Killed a frost giant
  3548 | D        | Noticed a frost giant
  3556 | D        | Killed a stone giant
  3556 | D        | Reached ****** piety under Okawaru
  3558 | D        | Noticed a green very ugly thing
  3562 | D        | Noticed a stone giant
  3578 | D        | Killed a green very ugly thing
  3578 | D        | Received a gift from Okawaru
  3606 | D        | Killed a frost giant
  3642 | D        | Killed a green very ugly thing
  3642 | D        | Reached XP level 14. HP: 64/146 MP: 21/21
  3643 | D        | Noticed a stone giant
  3661 | D        | Killed a stone giant
  3668 | D        | Noticed a green very ugly thing
  3696 | D        | Killed a stone giant
  3715 | D        | Killed a green very ugly thing
  3726 | D        | Received a gift from Okawaru
  3861 | D        | Got a faintly humming hat {god gift}
  3867 | D        | Identified the +0 hat of Butesuvy {Int+6} (Okawaru gifted it to you in the Dungeon)
  3876 | D        | Gained mutation: You are covered in fur. (AC +1) [mutagenic meat]
  4009 | D        | Noticed a vault warden
  4028 | D        | Noticed a vault warden
  4034 | D        | Killed a vault warden
  4053 | D        | Noticed a lich
  4054 | D        | Killed a vault warden
  4091 | D        | Killed a lich
  4191 | D        | Lost mutation: Your mind is very acute. (Int +4) [mutagenic meat]
  4194 | D        | Gained mutation: You are very agile. (Dex +4) [mutagenic meat]
  4438 | D        | Got the +0 large shield "Veschyte" {rF+ rC+ Str+4}
  4633 | D        | Noticed Boris
  4640 | D        | Killed Boris
  4640 | D        | Received a gift from Okawaru
  4679 | D        | Noticed an emperor scorpion
  4679 | D        | Noticed an emperor scorpion
  4682 | D        | Received a gift from Okawaru
  4686 | D        | Killed an emperor scorpion
  4693 | D        | Killed an emperor scorpion
  4695 | D        | Noticed an emperor scorpion
  4720 | D        | Killed an emperor scorpion
  4724 | D        | Noticed an emperor scorpion
  4724 | D        | Reached XP level 15. HP: 158/158 MP: 18/23
  4756 | D        | Noticed a ghost moth
  4765 | D        | Killed a ghost moth
  4781 | D        | Got a gossamer rune of Zot
  4799 | D        | Gained mutation: Your spells are easier to cast, but less powerful. [mutagenic meat]
  4805 | D        | Gained mutation: You have very sharp teeth. [mutagenic meat]
  4808 | D        | Lost mutation: You are very agile. (Dex +4) [mutagenic meat]
  4890 | D        | Noticed Ilsuiw
  4895 | D        | Received a gift from Okawaru
  4903 | D        | Killed Ilsuiw
  4928 | D        | Reached skill level 15 in Dodging
  4950 | D        | Got a barnacled rune of Zot
  5059 | D        | Got a decaying rune of Zot
  5082 | D        | Noticed a greater naga
  5082 | D        | Noticed a greater naga
  5082 | D        | Noticed a greater naga
  5084 | D        | Noticed a greater naga
  5084 | D        | Killed a greater naga
  5086 | D        | Killed a greater naga
  5086 | D        | Received a gift from Okawaru
  5093 | D        | Killed a greater naga
  5101 | D        | Killed a greater naga
  5128 | D        | Noticed a greater naga
  5140 | D        | Killed a greater naga
  5153 | D        | Got a serpentine rune of Zot
  5161 | D        | Lost mutation: Your spells are easier to cast, but less powerful. [mutagenic meat]
  5167 | D        | Gained mutation: You are very agile. (Dex +4) [mutagenic meat]
  5173 | D        | Lost mutation: Your system is resistant to poisons. (rPois) [mutagenic meat]
  5179 | D        | Lost mutation: Your mind is acute. (Int +2) [mutagenic meat]
  5185 | D        | Gained mutation: You tend to lose your temper in combat. [mutagenic meat]
  5188 | D        | Lost mutation: You tend to lose your temper in combat. [mutagenic meat]
  5211 | D        | Noticed a tengu reaver
  5212 | D        | Noticed Sojobo
  5214 | D        | Noticed a tengu reaver
  5215 | D        | Noticed Mara
  5221 | D        | Killed a tengu reaver
  5221 | D        | Received a gift from Okawaru
  5223 | D        | Killed a tengu reaver
  5233 | D        | Killed Mara
  5233 | D        | Reached skill level 15 in Throwing
  5233 | D        | Reached XP level 16. HP: 172/172 MP: 19/26
  5249 | D        | Noticed Mennas
  5257 | D        | Killed Sojobo
  5257 | D        | Received a gift from Okawaru
  5257 | D        | Reached skill level 15 in Invocations
  5319 | D        | Killed Mennas
  5489 | D        | Noticed Saint Roka
  5495 | D        | Noticed Nergalle
  5518 | D        | Killed Nergalle
  5525 | D        | Killed Saint Roka
  5525 | D        | Received a gift from Okawaru
  5528 | D        | Got a polished long sword {god gift}
  5529 | D        | Identified the +11 long sword "Wudghe" {holy, +Fly rN+} (Okawaru gifted it to you in the Dungeon)
  5635 | D        | Received a gift from Okawaru
  5742 | D        | Got an encrusted scimitar {god gift}
  5754 | D        | Identified the +0 scimitar of Impatience {slice, rC+ rN++ Str+3} (Okawaru gifted it to you in the Dungeon)
  5784 | D        | Noticed an ancient lich
  5792 | D        | Received a gift from Okawaru
  5799 | D        | Noticed a shadow dragon
  5800 | D        | Killed an ancient lich
  5800 | D        | Reached XP level 17. HP: 183/187 MP: 22/28
  5807 | D        | Received a gift from Okawaru
  5882 | D        | Identified a scroll of acquirement
  5889 | D        | Got a slimy steel ring
  5891 | D        | Identified the ring of the Will of the Gods {Fire rElec rPois} (You acquired it in the Dungeon)
  5915 | D        | Noticed a tentacled monstrosity
  5915 | D        | Noticed a titan
  5918 | D        | Killed a tentacled monstrosity
  5921 | D        | Killed a titan
  5946 | D        | Identified Notsetac's Tome of Lucky Translocation
  5949 | D        | Got a silver rune of Zot
  5995 | D        | Noticed Xtahua
  6007 | D        | Killed Xtahua
  6037 | D        | Noticed Margery
  6052 | D        | Killed Margery
  6052 | D        | Received a gift from Okawaru
  6140 | D        | Got the ring "Fiuliw" {+Inv rElec rPois rN+ Str-5 Dex+2}
  6142 | D        | Got the amulet "Otiam" {Inacc rC+}
  6144 | D        | Got the ring "Dasyelily" {rPois rN++ Slay+3}
  6148 | D        | Got the ring "Itaddemn" {rF+ rN+ Slay+3}
  6167 | D        | Got the +0 pair of boots "Utherri" {-Cast *Drain +Blink Int+6}
  6239 | D        | Noticed Nikola
  6245 | D        | Killed Nikola
  6365 | D        | Noticed Louise
  6370 | D        | Noticed Jory
  6379 | D        | Killed Louise
  6393 | D        | Killed Jory
  6393 | D        | Received a gift from Okawaru
  6393 | D        | Reached skill level 27 in Fighting
  6393 | D        | Reached skill level 27 in Armour
  6393 | D        | Reached skill level 27 in Shields
  6460 | D        | Noticed a golden dragon
  6464 | D        | Reached skill level 27 in Long Blades
  6467 | D        | Received a gift from Okawaru
  6468 | D        | Killed a golden dragon
  6479 | D        | Received a gift from Okawaru
  6499 | D        | Lost mutation: You expend magic power (3 MP) to strengthen your wands. [mutagenic meat]
  6502 | D        | Gained mutation: You are weak. (Str -2) [mutagenic meat]
  6505 | D        | Gained mutation: You are covered in thick fur. (AC +2) [mutagenic meat]
  6508 | D        | Lost mutation: You are weak. (Str -2) [mutagenic meat]
  6530 | D        | Noticed a golden dragon
  6536 | D        | Killed a golden dragon
  6536 | D        | Received a gift from Okawaru
  6542 | D        | Noticed a bone dragon
  6548 | D        | Reached XP level 18. HP: 200/200 MP: 24/30
  6550 | D        | Received a gift from Okawaru
  6553 | D        | Killed a bone dragon
  6602 | D        | Noticed a tentacled monstrosity
  6609 | D        | Received a gift from Okawaru
  6615 | D        | Killed a tentacled monstrosity
  6641 | D        | Received a gift from Okawaru
  6643 | D        | Noticed a golden dragon
  6646 | D        | Killed a golden dragon
  6646 | D        | Received a gift from Okawaru
  6692 | D        | Received a gift from Okawaru
  6696 | D        | Noticed a golden dragon
  6704 | D        | Killed a golden dragon
  6720 | D        | Got a brightly glowing cloak {god gift}
  6721 | D        | Identified the +0 cloak "Qaudoi" {+Fly rPois} (Okawaru gifted it to you in the Dungeon)
  6738 | D        | Noticed a tentacled monstrosity
  6741 | D        | Killed a tentacled monstrosity
  6869 | D        | Noticed an Orb Guardian
  6869 | D        | Noticed an Orb Guardian
  6869 | D        | Noticed an Orb Guardian
  6869 | D        | Noticed an Orb Guardian
  6869 | D        | Noticed an Orb Guardian
  6869 | D        | Noticed an Orb Guardian
  6872 | D        | Killed an Orb Guardian
  6873 | D        | Noticed an Orb Guardian
  6874 | D        | Noticed an Orb Guardian
  6874 | D        | Killed an Orb Guardian
  6876 | D        | Killed an Orb Guardian
  6877 | D        | Killed an Orb Guardian
  6878 | D        | Noticed an Orb Guardian
  6878 | D        | Killed an Orb Guardian
  6878 | D        | Received a gift from Okawaru
  6879 | D        | Killed an Orb Guardian
  6879 | D        | Killed an Orb Guardian
  6882 | D        | Killed an Orb Guardian
  6889 | D        | Killed an Orb Guardian
  6889 | D        | Reached XP level 19. HP: 207/207 MP: 27/34
  8362 | D        | Fell from the grace of Okawaru
  8362 | D        | Became a worshipper of the Shining One
  9820 | D        | Reached * piety under the Shining One
  9825 | D        | Reached ** piety under the Shining One
  9829 | D        | Reached skill level 27 in Dodging
  9830 | D        | Reached *** piety under the Shining One
  9848 | D        | Noticed an ancient lich
  9856 | D        | Killed an ancient lich
  9859 | D        | Noticed an orb of fire
  9860 | D        | Lost intelligence.
  9860 | D        | Gained mutation: You are dopey. (Int -2) [an orb of fire]
  9870 | D        | Gained mutation: You are very dopey. (Int -4) [an orb of fire]
  9872 | D        | Gained mutation: Your body sometimes deteriorates upon taking damage. [an orb of fire]
  9878 | D        | Killed an orb of fire
  9878 | D        | Reached skill level 27 in Throwing
 10507 | D        | Noticed an electric golem
 10507 | D        | Reached **** piety under the Shining One
 10521 | D        | Killed an electric golem
 10521 | D        | Reached skill level 27 in Invocations
 10594 | D        | Noticed a golden dragon
 10594 | D        | Noticed an ancient lich
 10594 | D        | Reached ***** piety under the Shining One
 10599 | D        | Killed a golden dragon
 10599 | D        | Reached skill level 5 in Stealth
 10603 | D        | Noticed an orb of fire
 10603 | D        | Killed an ancient lich
 10604 | D        | Reached skill level 10 in Stealth
 10604 | D        | Reached skill level 10 in Evocations
 10608 | D        | Killed an orb of fire
 10612 | D        | Noticed an ancient lich
 10613 | D        | Noticed an orb of fire
 10614 | D        | Noticed an electric golem
 10618 | D        | Killed an ancient lich
 10619 | D        | Noticed an orb of fire
 10619 | D        | Reached ****** piety under the Shining One
 10619 | D        | Killed an electric golem
 10620 | D        | Lost mutation: You are very agile. (Dex +4) [an orb of fire]
 10622 | D        | Noticed a golden dragon
 10623 | D        | Killed an orb of fire
 10623 | D        | Reached skill level 15 in Stealth
 10623 | D        | Reached skill level 15 in Evocations
 10623 | D        | Gained mutation: Your spells are easier to cast, but less powerful. [an orb of fire]
 10627 | D        | Gained mutation: Armour fits poorly on your strangely shaped body. [an orb of fire]
 10628 | D        | Gained mutation: You tend to lose your temper in combat. [an orb of fire]
 10864 | D        | Killed an orb of fire
 10864 | D        | Reached XP level 20. HP: 74/216 MP: 36/36
 10872 | D        | Killed a golden dragon
 11274 | D        | Noticed an ancient lich
 11278 | D        | Killed an ancient lich
 11459 | D        | Got an elven rune of Zot
 11481 | D        | Noticed the Royal Jelly
 11490 | D        | Reached XP level 21. HP: 224/224 MP: 37/37
 11517 | D        | Paralysed by a giant eyeball for 2 turns
 11526 | D        | Paralysed by a giant eyeball for 2 turns
 11535 | D        | Paralysed by a giant eyeball for 3 turns
 11712 | D        | Killed the Royal Jelly
 12234 | D        | Got a slimy rune of Zot
 12347 | D        | Reached skill level 27 in Evocations
 12347 | D        | Reached skill level 27 in Stealth
 12347 | D        | Reached skill level 1 in Spellcasting
 12348 | D        | Reached skill level 5 in Unarmed Combat
 12354 | D        | Reached skill level 5 in Spellcasting
 12459 | D        | Reached skill level 10 in Unarmed Combat
 12601 | D        | Noticed a greater mummy
 12610 | D        | Killed a greater mummy
 12800 | D        | Noticed a greater mummy
 12800 | D        | Noticed a greater mummy
 12800 | D        | Noticed a greater mummy
 12800 | D        | Noticed a greater mummy
 12800 | D        | Noticed a greater mummy
 12806 | D        | Killed a greater mummy
 12806 | D        | Reached skill level 10 in Spellcasting
 12807 | D        | Noticed a greater mummy
 12808 | D        | Killed a greater mummy
 12808 | D        | Reached skill level 15 in Unarmed Combat
 12808 | D        | Killed a greater mummy
 12814 | D        | Killed a greater mummy
 12816 | D        | Killed a greater mummy
 12824 | D        | Killed a greater mummy
 12841 | D        | Got a golden rune of Zot
 13054 | D        | Got an abyssal rune of Zot
 13282 | D        | Noticed Geryon
 13298 | D        | Killed Geryon
 13465 | D        | Noticed Dispater
 13465 | D        | Noticed Lom Lobon
 13490 | D        | Noticed Mnoleg
 15054 | D        | Killed Lom Lobon
 15054 | D        | Reached skill level 15 in Spellcasting
 15054 | D        | Reached XP level 22. HP: 137/233 MP: 32/40
 15316 | D        | Killed Mnoleg
 15430 | D        | Killed Dispater
 15670 | D        | Got an iron rune of Zot
 15672 | D        | Noticed Cerebov
 15673 | D        | Noticed Ereshkigal
 16090 | D        | Was forgiven by Okawaru
 16308 | D        | Killed Cerebov
 16654 | D        | Killed Ereshkigal
 16876 | D        | Got a magical rune of Zot
 16880 | D        | Got a glowing rune of Zot
 16882 | D        | Noticed Gloorx Vloq
 16885 | D        | Noticed Antaeus
 16890 | D        | Noticed Asmodeus
 17388 | D        | Killed Antaeus
 17388 | D        | Reached skill level 27 in Unarmed Combat
 17600 | D        | Killed Asmodeus
 18145 | D        | Killed Gloorx Vloq
 18552 | D        | Got a fiery rune of Zot
 18557 | D        | Got a bone rune of Zot
 18563 | D        | Got a dark rune of Zot
 18567 | D        | Got an icy rune of Zot
 18571 | D        | Got an obsidian rune of Zot
 18985 | D        | Got the Orb of Zot
 19249 | D        | Noticed Doci the pandemonium lord
 19262 | D        | Killed Doci the pandemonium lord
 19391 | D        | Noticed Nuip the pandemonium lord
 19406 | D        | Killed Nuip the pandemonium lord
 19741 | D        | Reached XP level 23. HP: 240/240 MP: 50/50
 20044 | D        | Paralysed by you for 7 turns
 20419 | D        | Reached skill level 27 in Spellcasting
 20567 | D        | Noticed Xeegenk the pandemonium lord
 20575 | D        | Killed Xeegenk the pandemonium lord
 20646 | D        | Noticed Quuf the pandemonium lord
 20684 | D        | Killed Quuf the pandemonium lord
 20899 | D        | Noticed a seraph
 20905 | D        | Killed a seraph
 20980 | D        | Noticed Jehutugo the pandemonium lord
 21003 | D        | Killed Jehutugo the pandemonium lord
 21046 | D        | Noticed a seraph
 21060 | D        | Killed a seraph
 21099 | D        | Noticed Couggit the pandemonium lord
 21108 | D        | Killed Couggit the pandemonium lord
 21642 | D        | Noticed Qatirewife the pandemonium lord
 21646 | D        | Killed Qatirewife the pandemonium lord
 21658 | D        | Reached XP level 24. HP: 249/249 MP: 53/53
 21762 | D        | Escaped with the Orb!

Vault maps used:
D:        linesprint

Skill      XL: |  1  2  3  4  5  6  7  8  9 10 11 12 13 14 15 16 17 18 19 20 21 22 23 |
---------------+----------------------------------------------------------------------+-----
Long Blades    | 3 4 6 7 8 10 12 13 15 17 19 20 23 25 27 | 27.0
Armour         | 4 5 7 8 10 11 12 13 15 17 19 21 23 25 27 | 27.0
Shields        | 4 5 7 8 10 11 12 13 15 17 19 21 23 25 27 | 27.0
Fighting       | 4 5 7 8 10 11 12 13 15 17 19 21 23 25 27 | 27.0
Throwing       | 1 2 3 4 5 6 7 8 9 10 12 13 15 16 19 24 27 | 27.0
Dodging        | 1 2 3 4 6 7 9 10 11 13 14 16 17 21 26 27 | 27.0
Invocations    | 2 3 5 6 7 9 10 11 13 14 16 19 24 27 | 27.0
Stealth        | 16 24 27 | 27.0
Evocations     | 16 24 27 | 27.0
Unarmed Combat | 21 27 | 27.0
Spellcasting   | 15 24 27 | 27.0

Action                   |  1- 3 |  4- 6 |  7- 9 | 10-12 | 13-15 | 16-18 | 19-21 | 22-24 || total
-------------------------+-------+-------+-------+-------+-------+-------+-------+-------++-------
Melee: Long sword        |    40 |       |       |       |       |   184 |   425 |   570 ||  1219
       Headbutt          |     3 |     9 |    18 |    98 |   242 |    81 |   161 |   182 ||   794
       Scimitar          |     1 |    30 |    65 |    77 |       |       |       |       ||   173
       Falchion          |       |       |       |   212 |   641 |   109 |       |       ||   962
       Bite              |       |       |       |       |    17 |    56 |    97 |   114 ||   284
Throw: Javelin           |       |       |       |    65 |    83 |   108 |   127 |   106 ||   489
       Throwing net      |       |       |       |     4 |    13 |       |       |       ||    17
       Tomahawk          |       |       |       |       |       |       |    38 |    10 ||    48
Invok: Heroism           |       |     1 |     3 |    12 |    11 |    14 |       |       ||    41
       Finesse           |       |       |       |    11 |    11 |    14 |       |       ||    36
       Divine Shield     |       |       |       |       |       |       |    20 |    12 ||    32
       Cleansing Flame   |       |       |       |       |       |       |    12 |     6 ||    18
       Summon Divine War |       |       |       |       |       |       |     5 |     2 ||     7
Evoke: Wand              |       |       |       |       |       |       |     2 |     8 ||    10
  Use: Potion            |       |     2 |       |     2 |     1 |       |     8 |     9 ||    22
       Scroll            |       |       |     4 |     8 |     2 |     5 |     4 |     1 ||    24
 Stab: Held in net/web   |       |       |       |       |     7 |       |       |       ||     7
       Distracted        |       |       |       |       |       |       |     1 |       ||     1
  Eat: Chunk             |       |       |       |    11 |    21 |     9 |     2 |       ||    43
       Bread ration      |       |       |       |       |     1 |       |       |     2 ||     3
       Meat ration       |       |       |       |       |     1 |       |     6 |     5 ||    12
       Fruit             |       |       |       |       |       |       |     1 |       ||     1
Armor: Scale mail        |    16 |       |       |       |       |       |       |       ||    16
       Chain mail        |       |     5 |    23 |    30 |    43 |    25 |    35 |    47 ||   208
       Ice dragon armour |       |       |       |       |       |       |     8 |    17 ||    25
Dodge: Dodged            |     5 |     4 |    16 |    45 |    66 |    41 |   106 |   168 ||   451
Block: Shield            |    12 |    11 |    43 |    69 |       |       |       |       ||   135
       Large shield      |       |       |       |    60 |   341 |   193 |   521 |   513 ||  1628
